 Dungeon Crawl Stone Soup version 0.31-a0-198-g2ad674f65e (webtiles) character file.

Game seed: 7767984875029789726

1451 qw the Skirmisher (level 8, -3/46 HPs)
             Began as a Deep Elf Hunter on June 25, 2023.
             Was an Initiate of Okawaru.
             Slain by Prince Ribbit (5 damage)
             ... on level 6 of the Dungeon.
             The game lasted 00:01:45 (4587 turns).

qw the Skirmisher (Deep Elf Hunter)                 Turns: 4587, Time: 00:01:46

Health: -3/46      AC:  6    Str: 10    XL:     8   Next: 47%
Magic:  10/10      EV: 14    Int: 15    God:    Okawaru [......]
Gold:   285        SH:  0    Dex: 18    Spells: 7/7 levels left

rFire   . . .        Y - +3 shortbow
rCold   + . .        (shield currently unavailable)
rNeg    . . .        b - +1 leather armour {rC+}
rPois   .            (no helmet)
rElec   .            f - +0 cloak
rCorr   .            g - +0 pair of gloves
SInv    .            (no boots)
Will    .....        (no amulet)
Stlth   ++           (no ring)
HPRegen 0.27/turn    (no ring)
MPRegen 0.12/turn

%: no passive effects
@: no status effects
A: no striking features
a: Renounce Religion


You were on level 6 of the Dungeon.
You worshipped Okawaru.
Okawaru was noncommittal.
You visited 2 branches of the dungeon, and saw 7 of its levels.

You collected 285 gold pieces.


   Skills:
 - Level 3.0 Fighting
 + Level 12.9 Ranged Weapons
 - Level 1.0 Armour
 - Level 5.1 Dodging
 - Level 1.2 Stealth


You had 7 spell levels left.
You didn't know any spells.
Your spell library was empty.

Inventory:

Hand Weapons
 Y - a +3 shortbow (weapon)
Armour
 b - a +1 leather armour of cold resistance (worn)
 f - a +0 cloak (worn)
 g - a +0 pair of gloves (worn)
 n - a +0 ring mail
Scrolls
 j - a scroll of identify
Potions
 a - a potion of mutation
 c - a potion of ambrosia {unknown}
 d - a potion of haste
 l - 2 potions of degeneration {unknown}

Dungeon Overview and Level Annotations

Branches:
Dungeon (6/15)             Temple (1/1) D:5

Altars:
Ashenzari
Dithmenos
Elyvilon
Hepliaklqana
Kikubaaqudgha
Makhleb
Nemelex Xobeh
Okawaru
Qazlal
Ru
Uskayaw
Vehumet
Wu Jian
Yredelemnul
Zin
The Shining One

Annotations:
D:6 Prince Ribbit


Message History

You start resting.
HP restored.
Items here: %% )) [.
Items here: % )) / [.
Prince Ribbit comes into view.
You shoot an arrow. The arrow hits Prince Ribbit.
Prince Ribbit gives a loud, deep croak!
Prince Ribbit is lightly wounded.
Prince Ribbit blinks!
Prince Ribbit is nearby!
You shoot an arrow. The arrow closely misses Prince Ribbit.
Prince Ribbit barely misses you.
You shoot an arrow. The arrow hits Prince Ribbit!
Prince Ribbit is moderately wounded.
Prince Ribbit hits you!
You shoot an arrow. The arrow barely misses Prince Ribbit.
Prince Ribbit hits you!
You shoot an arrow. The arrow hits Prince Ribbit.
Prince Ribbit is moderately wounded.
Prince Ribbit closely misses you. Prince Ribbit hits you!
4581 ||| DRINKING potion of heal wounds.
You feel much better.
Prince Ribbit hits you but does no damage.
You shoot an arrow. The arrow hits Prince Ribbit.
Prince Ribbit is heavily wounded.
Prince Ribbit hits you!
You shoot an arrow. The arrow hits Prince Ribbit!
Prince Ribbit is severely wounded.
Prince Ribbit closely misses you.
You shoot an arrow. The arrow barely misses Prince Ribbit.
Prince Ribbit misses you.
You shoot an arrow. The arrow misses Prince Ribbit.
Prince Ribbit hits you. Prince Ribbit hits you!
You shoot an arrow. The arrow hits Prince Ribbit.
Prince Ribbit is severely wounded.
Prince Ribbit completely misses you.
You shoot an arrow. The arrow hits Prince Ribbit!
Prince Ribbit is almost dead.
Prince Ribbit hits you.
You die...

## ##.####.#
#####........ .
##....@F# .#
###......## ...
####...##..##
...###...######.#
#.)...### #.#
###))## #.. #.##
##.# ###.# ..
##...## ###


You could see Prince Ribbit.

Vanquished Creatures
  Grinder (D:3)
  Sigmund (D:2)
  Edmund (D:5)
  2 ice beasts (D:5)
  An ogre (D:4)
  A phantom (D:4)
  Blork the orc (D:6)
  A hound (D:5)
  2 jellies
  3 orc priests
  Jessica (D:2)
  3 iguanas
  Natasha (twice) (D:2)
  An orc wizard (D:6)
  8 adders
  A white imp (D:4)
  4 worms
  24 orcs
  5 ball pythons
  2 bats (D:1)
  8 endoplasms
  3 giant cockroaches
  11 hobgoblins
  2 jackals (D:1)
  3 quokkas
  3 frilled lizards
  7 goblins
  4 kobolds
  3 rats
109 creatures vanquished.

Notes
Turn   | Place    | Note
-------+----------+-------------------------------------------
     0 | D:1      | qw the Deep Elf Hunter began the quest for the Orb.
     0 | D:1      | Reached XP level 1. HP: 12/12 MP: 3/3
     0 | D:1      | 0 ||| qw: Version: 0.3-a-22-g0ed2b0b
     0 | D:1      | 0 ||| qw: Game counter: 5156
     0 | D:1      | 0 ||| qw: Melee chars always use a shield: true
     0 | D:1      | 0 ||| qw: God list: Okawaru
     0 | D:1      | 0 ||| qw: Allow faded altars: false
     0 | D:1      | 0 ||| qw: Do Orc after clearing Dungeon:15 true
     0 | D:1      | 0 ||| qw: Do second Lair branch before Depths: true
     0 | D:1      | 0 ||| qw: Lair rune preference: random
     0 | D:1      | 0 ||| qw: Goals: Normal
     0 | D:1      | 0 ||| PLANNING D:1-11
    94 | D:1      | Reached XP level 2. HP: 16/16 MP: 4/4
    95 | D:1      | Reached skill level 6 in Ranged Weapons
   133 | D:1      | Found a faded altar of an unknown god.
   659 | D:1      | 659 ||| UPGRADING to +0 cloak.
   664 | D:1      | 664 ||| DROPPING ring of wizardry.
   665 | D:1      | 665 ||| READING scroll labelled CUXOFO WUM PAU.
   666 | D:1      | 666 ||| DROPPING scroll of butterflies.
   723 | D:2      | Noticed Jessica
   732 | D:2      | Killed Jessica
   733 | D:2      | Reached skill level 7 in Ranged Weapons
   733 | D:2      | Reached XP level 3. HP: 7/20 MP: 5/5
   965 | D:2      | Noticed Natasha
   970 | D:2      | Killed Natasha
   971 | D:2      | Reached XP level 4. HP: 25/25 MP: 6/6
  1275 | D:2      | Noticed Sigmund
  1283 | D:2      | Killed Sigmund
  1284 | D:2      | Reached skill level 9 in Ranged Weapons
  1284 | D:2      | Reached XP level 5. HP: 20/29 MP: 7/7
  1520 | D:2      | Noticed Natasha
  1533 | D:2      | Killed Natasha
  1534 | D:2      | Reached skill level 3 in Dodging
  1534 | D:2      | Reached XP level 6. HP: 14/34 MP: 8/8
  1657 | D:2      | 1657 ||| UPGRADING to +0 ring mail.
  1667 | D:2      | 1667 ||| DROPPING +0 leather armour.
  1668 | D:2      | 1668 ||| DROPPING +6 ring of intelligence.
  1669 | D:2      | 1669 ||| READING 3 scrolls labelled NIUMAN GEBIRAO.
  1670 | D:2      | 1670 ||| READING scroll labelled KUAPNY DIUN.
  1671 | D:2      | 1671 ||| READING scroll labelled XUEHAR INEIWUTE.
  1672 | D:2      | 1672 ||| READING 2 scrolls labelled QUVOXA CAONT.
  1673 | D:2      | 1673 ||| DRINKING 2 pink potions.
  1674 | D:2      | 1674 ||| DROPPING 2 scrolls of revelation.
  1727 | D:3      | You fall into a shaft and drop 2 floors!
  1727 | D:5      | Entered Level 5 of the Dungeon
  1761 | D:4      | Reached skill level 10 in Ranged Weapons
  1879 | D:4      | Reached skill level 1 in Armour
  1908 | D:4      | 1908 ||| UPGRADING to +1 leather armour of cold resistance.
  1918 | D:4      | 1918 ||| READING 2 scrolls of identify.
  1918 | D:4      | 1918 ||| IDENTIFYING white potion
  1922 | D:4      | 1922 ||| FLEEEEING.
  1923 | D:4      | 1923 ||| FLEEEEING.
  1924 | D:4      | 1924 ||| STAIRDANCE
  1998 | D:3      | 1998 ||| Stepping ~*~*~tactically~*~*~ (outnumbered).
  2280 | D:3      | Found a stormy altar of Qazlal.
  2292 | D:3      | Reached XP level 7. HP: 40/40 MP: 9/9
  2358 | D:3      | 2358 ||| READING scroll of enchant weapon.
  2358 | D:3      | 2358 ||| ENCHANTING +1 shortbow.
  2473 | D:3      | Noticed Grinder
  2482 | D:3      | Killed Grinder
  2483 | D:3      | Reached skill level 11 in Ranged Weapons
  2628 | D:3      | 2628 ||| UPGRADING to +0 pair of gloves.
  2633 | D:3      | 2633 ||| READING scroll labelled JUIL RET VOBRA.
  2634 | D:3      | 2634 ||| READING 2 scrolls of identify.
  2634 | D:3      | 2634 ||| IDENTIFYING dark potion
  3214 | D:4      | 3214 ||| READING scroll labelled HIYHOH BOESACH.
  3215 | D:4      | 3215 ||| READING scroll labelled WUGAFI REOS.
  3216 | D:4      | 3216 ||| DRINKING 2 fizzy coppery potions.
  3235 | D:4      | 3235 ||| READING 2 scrolls of identify.
  3235 | D:4      | 3235 ||| IDENTIFYING inky potion
  3236 | D:4      | 3236 ||| DROPPING potion of magic.
  3237 | D:4      | 3237 ||| DROPPING potion of lignification.
  3266 | D:5      | Identified the +7 short sword of Causality {freeze, rElec
                  | rF++ Str+3 Dex-4}
  3287 | D:5      | Reached skill level 12 in Ranged Weapons
  3318 | D:5      | Noticed Edmund
  3330 | D:5      | Killed Edmund
  3331 | D:5      | Reached XP level 8. HP: 17/45 MP: 10/10
  3442 | D:5      | Reached skill level 3 in Fighting
  3534 | D:5      | 3534 ||| READING scroll of enchant weapon.
  3534 | D:5      | 3534 ||| ENCHANTING +2 shortbow.
  3795 | D:5      | Found a glowing silver altar of Zin.
  3900 | D:5      | Found a staircase to the Ecumenical Temple.
  3901 | D:5      | 3901 ||| PLANNING TEMPLE
  3901 | D:5      | 3901 ||| DRINKING 2 fuming amethyst potions.
  3902 | D:5      | 3902 ||| READING 2 scrolls of identify.
  3902 | D:5      | 3902 ||| IDENTIFYING amethyst potion
  3903 | D:5      | 3903 ||| DROPPING potion of invisibility.
  3909 | Temple   | Entered the Ecumenical Temple
  3930 | Temple   | 3930 ||| PLANNING OKAWARU WORSHIP
  4005 | Temple   | Became a worshipper of Warmaster Okawaru
  4006 | Temple   | 4006 ||| PLANNING D:1-11
  4478 | D:6      | Noticed Blork the orc
  4488 | D:6      | 4488 ||| DRINKING potion of curing.
  4488 | D:6      | 4488 ||| (to cure confusion)
  4492 | D:6      | Killed Blork the orc
  4571 | D:6      | Noticed Prince Ribbit
  4580 | D:6      | HP: 10/46 [Prince Ribbit (12)]
  4581 | D:6      | 4581 ||| DRINKING potion of heal wounds.
  4585 | D:6      | HP: 2/46 [Prince Ribbit (15)]
  4587 | D:6      | Slain by Prince Ribbit

Levels and vault maps discovered:
D:1:      dpeg_arrival_chambers_temple_mockup, layout_loops_cross,
          hellmonk_ecumenical_altar_pennies_from_heaven
D:2:      layout_loops_corners, uniq_jessica, uniq_natasha, uniq_sigmund
D:3:      layout_basic, nicolae_overflow_crystal_walls, uniq_grinder
D:4:      layout_rooms
D:5:      layout_layer_cave, zin_academy, minmay_temple_entry_ruins, uniq_edmund
D:6:      layout_layer_cave, uniq_blork_the_orc, uniq_prince_ribbit1
Temple:   compressed_dpeg_circular_temple

Skill      XL: |  1  2  3  4  5  6  7  8 |
---------------+-------------------------+-----
Ranged Weapons | 7 9 10 12 | 12.9
Dodging        | 3 4 5 |  5.1
Fighting       | 2 3 |  3.0
Armour         | 1 |  1.0
Stealth        | |  1.2

Action                     |  1- 3 |  4- 6 |  7- 9 || total
---------------------------+-------+-------+-------++-------
   Fire: Shortbow          |    81 |   122 |   186 ||   389
    Use: Scroll            |     1 |     5 |     8 ||    14
         Potion            |       |     1 |     4 ||     5
 Armour: Leather armour    |     3 |     3 |    13 ||    19
         Ring mail         |       |     9 |       ||     9
  Dodge: Dodged            |     6 |    20 |    41 ||    67

Table legend:
 A = Non-vault XP
 B = Vault XP
 C = Vault XP percentage of total XP
 D = Non-vault monster count
 E = Vault monster count
 F = Vault count percentage of total count
                 A         B        C        D         E       F
            +---------+---------+-------+---------+---------+-------
      Total |    1211 |     862 |  41.6 |     103 |       6 |   5.5
            +---------+---------+-------+---------+---------+-------
        D:1 |      37 |       0 |   0.0 |      21 |       0 |   0.0
        D:2 |      62 |     311 |  83.4 |      11 |       3 |  21.4
        D:3 |     115 |     290 |  71.6 |      20 |       1 |   4.8
        D:4 |     482 |       0 |   0.0 |      31 |       0 |   0.0
        D:5 |     407 |     162 |  28.5 |      12 |       1 |   7.7
        D:6 |     108 |      99 |  47.8 |       8 |       1 |  11.1
            +---------+---------+-------+---------+---------+-------
